 Dungeon Crawl Stone Soup version 0.31-a0-355-g57cb03d3e8 (webtiles) character file.

Game seed: 3198455167671483341

99 bobo the Ruffian (level 4, 0/29 HPs)
             Began as an Octopode Shapeshifter on July 24, 2023.
             Was a Follower of Uskayaw.
             Slain by Ijyb
             ... wielding a +0 dagger
              (5 damage)
             ... on level 3 of the Dungeon.
             The game lasted 00:03:53 (1839 turns).

bobo the Ruffian (Octopode Shapeshifter)            Turns: 1839, Time: 00:03:53

Health: 0/29       AC:  1    Str: 16    XL:     4   Next: 72%
Magic:  0/4        EV: 13    Int: 10    God:    Uskayaw [*.....]
Gold:   69         SH:  0    Dex: 12    Spells: 3/3 levels left

rFire   . .          .
                       - Unarmed
rCold   . . .        (no shield)
rNeg    . . .        k - melded +0 hat
rPois   .            j - amulet of guardian spirit
rElec   .            g - ring of wizardry
rCorr   .            (no ring)
SInv    .            (no ring)
Will    .....        (no ring)
Stlth   +++          (no ring)
HPRegen 0.24/turn    (no ring)
MPRegen 0.09/turn    (no ring)
                     (no ring)

%: guardian spirit, wizardry (x1)
@: beast-form
A: beast (slay +2), almost no armour, amphibious, 8 rings, camouflage 1,
gelatinous body 1, (nimble swimmer 1), tentacles
a: Begin Untransformation, Renounce Religion, Stomp


You were on level 3 of the Dungeon.
You worshipped Uskayaw.
Uskayaw was noncommittal.
You were a hulking beast.
You visited 1 branch of the dungeon, and saw 3 of its levels.

You collected 69 gold pieces.

Inventory:

Missiles
 o - 3 javelins
Armour
 k - a +0 hat (melded)
Jewellery
 g - a ring of wizardry (left tentacle)
 j - an amulet of guardian spirit (around mantle)
Talismans
 b - a beast talisman
Scrolls
 c - a scroll of amnesia {unknown}
 f - 4 scrolls of identify {unknown}
 i - 2 scrolls of teleportation
 m - a scroll of fear {unknown}
 n - a scroll of noise {unknown}
Potions
 a - a potion of lignification
 d - 2 potions of curing
 e - a potion of magic {unknown}
 h - a potion of heal wounds {unknown}
 l - a potion of might {unknown}


   Skills:
 + Level 2.2 Fighting
 + Level 0.1 Throwing
 - Level 2.0 Dodging
 + Level 2.8 Stealth
 + Level 3.6 Unarmed Combat
 + Level 3.5 Shapeshifting


You had 3 spell levels left.
You didn't know any spells.
Your spell library contained the following spells:

 Spells                   Type           Power      Damage    Failure   Level
 Apportation              Tloc           0%         N/A       16%         1
 Wereblood                Tmut           0%         N/A       22%         2
 Alistair's Intoxication  Tmut/Pois      0%         N/A       98%         5
 Irradiate                Conj/Tmut      0%         3d11      98%         5


Dungeon Overview and Level Annotations

Branches:
Dungeon (3/15)

Altars:
Ashenzari
Cheibriados
Ru
Uskayaw

Annotations:
D:3 Ijyb


Innate Abilities, Weirdness & Mutations

You are a hulking beast.
Your limbs bulge with bestial killing power. (Slay +2)
You cannot wear most types of armour.
You are amphibious.
You can wear up to eight rings at the same time.
Your skin changes colour to match your surroundings (Stealth+).
Your rubbery body absorbs attacks. (AC +1, EV +1)
((You are camouflaged when in or above water. (Stealth+)))
You have tentacles for arms and can constrict up to eight enemies at once.


Message History

You kill the dart slug!
You can now stomp with the beat.
Ijyb the Twisted Goblin comes into view.
She is wielding a +0 dagger and carrying a wand of flame.
You see here a +0 quarterstaff.
You throw a poisoned dart. The poisoned dart hits Ijyb.
Ijyb is poisoned.
Ijyb shouts!
You throw a poisoned dart. The poisoned dart closely misses Ijyb.
You throw a poisoned dart. The poisoned dart closely misses Ijyb.
Ijyb zaps a wand.
The puff of flame hits you!
Throw: 5 javelins
Press: ? - help, Shift-Dir - straight line, f/p - Ijyb
Aim: Ijyb, wielding a +0 dagger, wearing a +0 scale mail and carrying a wand of flame (poisoned, 55% to hit)
You throw a javelin. The javelin barely misses Ijyb.
Ijyb zaps a wand.
The puff of flame hits you.
Throw: 4 javelins
Press: ? - help, Shift-Dir - straight line, f/p - Ijyb
Aim: Ijyb, wielding a +0 dagger, wearing a +0 scale mail and carrying a wand of flame (lightly wounded, poisoned, 55% to hit)
You throw a javelin. The javelin pierces through Ijyb.
Ijyb is lightly wounded.
Ijyb zaps a wand.
The puff of flame misses you.
Ijyb zaps a wand.
The puff of flame hits you!
Ijyb looks more healthy.
Ijyb hits you with a +0 dagger.
You tentacle-slap Ijyb but do no damage.
Your grab misses Ijyb.
You tentacle-slap Ijyb, but do no damage.
You squeeze Ijyb, but do no damage.
Ijyb is moderately wounded.
Ijyb zaps a wand.
The puff of flame hits you!
* * * LOW HITPOINT WARNING * * *
It was a potion of curing.
You feel better.
Ijyb zaps a wand.
The puff of flame hits you.
* * * LOW HITPOINT WARNING * * *
Okay, then.
Unknown command.
Okay, then.
Unknown command.
You closely miss Ijyb. Your grab misses Ijyb. Your squeeze misses Ijyb.
Ijyb is moderately wounded.
Ijyb hits you with a +0 dagger.
You die...

## #(## ... ..##
#### ...#####...##
##...##.##...##...#
#.8.8.#.#.8.8.#...#
#.._..#.#.._..#)..#
#.8...#.#...8.#g..#
#...'#.#'...##h..#
#.#####...#####...##
........⌠.........##
#.#####...#####....#
##...)#.#'...##...#
#.8...#.#...8.#...#
#.._..#.#.._..#..[#
##.8.8.#.#.8.8.#...#
.##...##.##...##..##


You could see Ijyb.

Vanquished Creatures
  A jelly (D:2)
  2 adders (D:2)
  2 dart slugs
  2 endoplasms
  10 goblins
  7 hobgoblins
  4 kobolds
  A quokka (D:2)
  4 ball pythons
  7 bats (D:1)
  3 frilled lizards (D:1)
  5 rats (D:1)
48 creatures vanquished.

Notes
Turn   | Place    | Note
-------+----------+-------------------------------------------
     0 | D:1      | bobo the Octopode Shapeshifter began the quest for the Orb.
     0 | D:1      | Reached XP level 1. HP: 13/13 MP: 1/1
   246 | D:1      | Reached skill level 1 in Stealth
   246 | D:1      | Reached XP level 2. HP: 18/18 MP: 2/2
   460 | D:1      | Reached XP level 3. HP: 18/23 MP: 3/3
  1266 | D:2      | Reached XP level 4. HP: 6/29 MP: 0/4
  1775 | D:3      | Found a broken altar of Ashenzari.
  1775 | D:3      | Found a sacrificial altar of Ru.
  1775 | D:3      | Found a snail-covered altar of Cheibriados.
  1796 | D:3      | Found a hide-covered altar of Uskayaw.
  1800 | D:3      | Became a worshipper of Uskayaw the Reveller
  1817 | D:3      | Reached * piety under Uskayaw
  1825 | D:3      | Noticed Ijyb
  1837 | D:3      | HP: 1/29 [Ijyb/puff of flame (8)]
  1839 | D:3      | Slain by Ijyb

Illustrated notes

Levels and vault maps discovered:
D:1:      grunt_arrival_lava_bath, layout_loops_cross, minmay_tetromino_s2
D:2:      layout_basic, minmay_ruptured
D:3:      layout_rooms, grunt_temple_overflow_cloverleaf, kennysheep_orc_chapel,
          uniq_ijyb

Skill      XL: |  1  2  3 |
---------------+----------+-----
Stealth        | 1 2 |  2.8
Fighting       | 2 |  2.2
Throwing       | |  0.1
Dodging        | |  2.0
Unarmed Combat | |  3.6
Shapeshifting  | |  3.5

Action                     |  1- 3 |  4- 6 || total
---------------------------+-------+-------++-------
  Melee: Unarmed           |    65 |    14 ||    79
         Tentacles         |    14 |     3 ||    17
         Constrict         |    13 |     3 ||    16
         Punch             |       |     1 ||     1
  Throw: Dart              |       |     5 ||     5
         Javelin           |       |     2 ||     2
Ability: Begin Untransform |     1 |       ||     1
    Use: Scroll            |     1 |       ||     1
         Potion            |       |     1 ||     1
   Stab: Sleeping          |     7 |     2 ||     9
 Armour: Skin              |     6 |     1 ||     7
  Dodge: Dodged            |    35 |     7 ||    42
   Form: Beast             |     1 |       ||     1

Table legend: (Time is in decaauts)
 A = Elapsed time spent in this place.
 B = Non-inter-level travel time spent in this place.
 C = Inter-level travel time spent in this place.
 D = Time resting spent in this place.
 E = Time spent auto-exploring this place.
 F = Levels seen in this place.
 G = Mean time per level.
                   A        B        C        D        E       F      G
               +--------+--------+--------+--------+--------+-----+--------+
         Total |   1834 |   1726 |    108 |      0 |   1395 |   3 |  611.3 |
       Dungeon |   1834 |   1726 |    108 |      0 |   1395 |   3 |  611.3 |
               +--------+--------+--------+--------+--------+-----+--------+

Top non-repeatable levels by time:
     D:2: 891 daAuts
     D:1: 764 daAuts
     D:3: 179 daAuts
